ITL
DETROIT X-WINGS @ TRENTON STARS
09/02/2030
 
TOP OF THE 1ST
Detroit X-Wings batting - Pitching for Trenton Stars : RHP Roberto Carrillo
Pitching: RHP Roberto Carrillo
Batting: SHB Jason Mason 0-0: Ball
1-0: Ball
2-0: Foul Ball, location: 2F
2-1: Ball
3-1: Called Strike
3-2: Base on Balls
Batting: RHB José Pérez 0-0: Ball
1-0: Ball
2-0: Ball
Jason Mason steals 2nd base
3-0: Base on Balls
Batting: LHB Juan Jose Pineda 0-0: Ball
1-0: SINGLE (Line Drive, 6MD)
Jason Mason to third
José Pérez to second
Batting: LHB Curt Walker 0-0: Ball
1-0: Foul Ball, location: 2F
1-1: Fly out, F8 (Flyball, 8LXD)
Runner from 3rd tags up, SCORES, no throw
José Pérez to third
Batting: RHB Enrique Aguilar 0-0: Fly out, F7 (Flyball, 7)
Runner from 3rd tags up, OUT at HOME
Top of the 1st over - 1 run, 1 hit, 0 errors, 1 left on base; Detroit 1 - Trenton 0
BOTTOM OF THE 1ST
Trenton Stars batting - Pitching for Detroit X-Wings : RHP Vaughn Stanley
Pitching: RHP Vaughn Stanley
Batting: RHB Aurelio Cruz 0-0: Called Strike
0-1: SINGLE (Groundball, 34D)
Batting: RHB George Reeves 0-0: Ball
1-0: Ball
2-0: Swinging Strike
2-1: Ball
3-1: Base on Balls
Aurelio Cruz to second
Batting: LHB Wes Thompson 0-0: Foul Ball, location: 2F
0-1: Fly out, F9 (Flyball, 9LM)
Batting: LHB Pat Zimmerman 0-0: Ball
1-0: Fly out, F7 (Flyball, 78XD)
Runner from 2nd tags up, SAFE at 3rd, no throw
Batting: RHB Bill Bourland 0-0: Called Strike
0-1: Ball
1-1: Ball
2-1: Ball
3-1: Called Strike
3-2: Foul Ball, location: 2F
3-2: Fly out, F7 (Flyball, 78D)
Bottom of the 1st over - 0 runs, 1 hit, 0 errors, 2 left on base; Detroit 1 - Trenton 0
TOP OF THE 2ND
Detroit X-Wings batting - Pitching for Trenton Stars : RHP Roberto Carrillo
Batting: SHB Felipe Detorres 0-0: Ball
1-0: Ground out 3-1 (Groundball, 34)
Batting: RHB Donato Gozende 0-0: Ball
1-0: Ball
2-0: Called Strike
2-1: Foul Ball, location: 2F
2-2: Foul Ball, location: 2F
2-2: Strikes out looking
Batting: RHB Alfredo Villegas 0-0: Called Strike
0-1: Ball
1-1: Ball
2-1: Ground out 5-3 (Groundball, 56)
Top of the 2nd over - 0 runs, 0 hits, 0 errors, 0 left on base; Detroit 1 - Trenton 0
BOTTOM OF THE 2ND
Trenton Stars batting - Pitching for Detroit X-Wings : RHP Vaughn Stanley
Batting: LHB Gerardo Guzmán 0-0: Ball
1-0: Ground out 1-3 (Groundball, P)
Batting: RHB Roberto Chávez 0-0: Foul Ball, location: 2F
0-1: Ground out 4-3 (Groundball, 4)
Batting: RHB Jorge Flores 0-0: Ball
1-0: Ground out 4-3 (Groundball, 34)
Bottom of the 2nd over - 0 runs, 0 hits, 0 errors, 0 left on base; Detroit 1 - Trenton 0
TOP OF THE 3RD
Detroit X-Wings batting - Pitching for Trenton Stars : RHP Roberto Carrillo
Batting: RHB Daniel Riddle 0-0: Ball
1-0: Ball
2-0: Called Strike
2-1: Ground out 3-1 (Groundball, 2R)
Batting: SHB Jason Mason 0-0: Swinging Strike
0-1: Foul Ball, location: 2F
0-2: Fly out, F8 (Flyball, 8LM)
Batting: RHB José Pérez 0-0: Foul Ball, location: 2F
0-1: Swinging Strike
0-2: Ball
1-2: Ball
2-2: Strikes out swinging, 2-3 out at first.
Top of the 3rd over - 0 runs, 0 hits, 0 errors, 0 left on base; Detroit 1 - Trenton 0
BOTTOM OF THE 3RD
Trenton Stars batting - Pitching for Detroit X-Wings : LHP Richard Dorris
Pitching: LHP Richard Dorris
Batting: RHB Dan McKay 0-0: Ball
1-0: Ground out 6-3 (Groundball, 6)
Batting: RHB Aurelio Cruz 0-0: Ball
1-0: Called Strike
1-1: Ground out 4-3 (Groundball, 4)
Batting: RHB George Reeves 0-0: Ball
1-0: Called Strike
1-1: Ball
2-1: Ground out 1-3 (Groundball, 13S)
Bottom of the 3rd over - 0 runs, 0 hits, 0 errors, 0 left on base; Detroit 1 - Trenton 0
TOP OF THE 4TH
Detroit X-Wings batting - Pitching for Trenton Stars : RHP Roberto Carrillo
Batting: LHB Juan Jose Pineda 0-0: Ball
1-0: Ball
2-0: Ball
3-0: Base on Balls
Batting: LHB Curt Walker 0-0: 2-RUN HOME RUN (Flyball, 9LD), Distance : 349 ft
Batting: RHB Enrique Aguilar 0-0: Called Strike
0-1: Ground out 5-3 (Groundball, 56)
Batting: SHB Felipe Detorres 0-0: Swinging Strike
0-1: SINGLE (Groundball, 34D)
Batting: RHB Donato Gozende 0-0: Called Strike
0-1: Foul Ball, location: 2F
0-2: Ball
Felipe Detorres is caught stealing 2nd base
1-2: Strikes out swinging
Top of the 4th over - 2 runs, 2 hits, 0 errors, 0 left on base; Detroit 3 - Trenton 0
BOTTOM OF THE 4TH
Trenton Stars batting - Pitching for Detroit X-Wings : LHP Richard Dorris
Batting: LHB Wes Thompson 0-0: Called Strike
0-1: Foul Ball, location: 2F
0-2: Foul Ball, location: 2F
0-2: Ball
1-2: Ball
2-2: Ball
3-2: Base on Balls
Batting: LHB Pat Zimmerman 0-0: Swinging Strike
0-1: Ball
1-1: Ball
2-1: Fielders Choice at 2nd, 6-4 (Groundball, 56)
Batting: RHB Bill Bourland 0-0: Called Strike
0-1: Swinging Strike
0-2: Ball
1-2: Ball
2-2: Ball
3-2: Foul Ball, location: 2F
3-2: Ground out 5-3 (Groundball, 5)
Pat Zimmerman to second
Batting: LHB Gerardo Guzmán 0-0: Ball
1-0: DOUBLE (Flyball, 8LXD)
Pat Zimmerman scores
Batting: RHB Roberto Chávez 0-0: Ball
1-0: Called Strike
1-1: Swinging Strike
1-2: Ball
2-2: Ball
3-2: Base on Balls
Batting: RHB Jorge Flores 0-0: Called Strike
0-1: Ball
1-1: 3-RUN HOME RUN (Flyball, 7D), Distance : 391 ft
Batting: RHB Dan McKay 0-0: Ball
1-0: Ground out 5-3 (Groundball, 56)
Bottom of the 4th over - 4 runs, 2 hits, 0 errors, 0 left on base; Detroit 3 - Trenton 4
TOP OF THE 5TH
Detroit X-Wings batting - Pitching for Trenton Stars : RHP Roberto Carrillo
Batting: RHB Alfredo Villegas 0-0: Called Strike
0-1: Ball
1-1: Ball
2-1: Ball
3-1: Base on Balls
Batting: RHB Daniel Riddle 0-0: Called Strike
Alfredo Villegas is caught stealing 2nd base
0-1: Ball
1-1: Called Strike
1-2: Foul Ball, location: 2F
1-2: Ball
2-2: Fly out, F8 (Flyball, 8LXD)
Batting: SHB Jason Mason 0-0: Ball
1-0: Ground out 5-3 (Groundball, 5L)
Top of the 5th over - 0 runs, 0 hits, 0 errors, 0 left on base; Detroit 3 - Trenton 4
BOTTOM OF THE 5TH
Trenton Stars batting - Pitching for Detroit X-Wings : LHP Richard Dorris
Batting: RHB Aurelio Cruz 0-0: Ball
1-0: Ball
2-0: SINGLE (Groundball, 56D)
Batting: RHB George Reeves 0-0: Called Strike
0-1: Ball
1-1: Ball
2-1: Grounds into double play, 6-4-3 (Groundball, 6)
Batting: LHB Wes Thompson 0-0: Called Strike
0-1: Swinging Strike
0-2: Foul Ball, location: 2F
0-2: Ball
1-2: Foul Ball, location: 2F
1-2: Foul Ball, location: 2F
1-2: Foul Ball, location: 2F
1-2: SOLO HOME RUN (Flyball, 9LD), Distance : 342 ft
Pitching: LHP Clarence Skerratt
Batting: LHB Pat Zimmerman 0-0: Fly out, F5 (Line Drive, 56S)
Bottom of the 5th over - 1 run, 2 hits, 0 errors, 0 left on base; Detroit 3 - Trenton 5
TOP OF THE 6TH
Detroit X-Wings batting - Pitching for Trenton Stars : RHP Roberto Carrillo
Batting: RHB José Pérez 0-0: Ball
1-0: Ball
2-0: Ball
3-0: Base on Balls
Batting: LHB Juan Jose Pineda 0-0: Ball
José Pérez steals 2nd base
1-0: Ball
2-0: Ball
3-0: Called Strike
3-1: Base on Balls
Batting: LHB Curt Walker 0-0: Foul Ball, location: 2F
0-1: Ball
1-1: Swinging Strike
1-2: Ball
2-2: Foul Ball, location: 2F
2-2: Foul Ball, location: 2F
2-2: Foul Ball, location: 2F
2-2: Strikes out swinging
Batting: RHB Enrique Aguilar 0-0: Foul Ball, location: 2F
0-1: Ball
1-1: Ball
2-1: Called Strike
2-2: Ball
3-2: Base on Balls
José Pérez to third
Juan Jose Pineda to second
Batting: SHB Felipe Detorres 0-0: Ball
1-0: Foul Ball, location: 2F
1-1: Ball
2-1: Grounds into double play, 1-2-3 (Groundball, 15)
Top of the 6th over - 0 runs, 0 hits, 0 errors, 2 left on base; Detroit 3 - Trenton 5
BOTTOM OF THE 6TH
Trenton Stars batting - Pitching for Detroit X-Wings : LHP Clarence Skerratt
Batting: RHB Bill Bourland 0-0: Called Strike
0-1: Foul Ball, location: 2F
0-2: Strikes out swinging
Pitching: RHP Domingo Rodríguez
Batting: LHB Gerardo Guzmán 0-0: Fly out, F7 (Flyball, 7S)
Batting: RHB Roberto Chávez 0-0: Called Strike
0-1: Called Strike
0-2: Ground out 5-3 (Groundball, 56S)
Bottom of the 6th over - 0 runs, 0 hits, 0 errors, 0 left on base; Detroit 3 - Trenton 5
TOP OF THE 7TH
Detroit X-Wings batting - Pitching for Trenton Stars : RHP Roberto Carrillo
Batting: RHB Donato Gozende 0-0: Ball
1-0: Foul Ball, location: 2F
1-1: Foul Ball, location: 2F
1-2: Strikes out swinging
Batting: RHB Alfredo Villegas 0-0: Called Strike
0-1: Ground out 4-3 (Groundball, 4)
Batting: RHB Daniel Riddle 0-0: SINGLE (Line Drive, 34)
Batting: SHB Jason Mason 0-0: Swinging Strike
0-1: Ball
1-1: Ground out 1-3 (Groundball, 13S)
Top of the 7th over - 0 runs, 1 hit, 0 errors, 1 left on base; Detroit 3 - Trenton 5
BOTTOM OF THE 7TH
Trenton Stars batting - Pitching for Detroit X-Wings : RHP Domingo Rodríguez
Batting: RHB Jorge Flores 0-0: Called Strike
0-1: Ball
1-1: Ball
2-1: Ground out 5-3 (Groundball, 5S)
Batting: RHB Dan McKay 0-0: Hit by Pitch
Batting: RHB Aurelio Cruz 0-0: Ball
1-0: SINGLE (Groundball, 34) (infield hit)
Dan McKay to second
Batting: RHB George Reeves 0-0: Ball
1-0: Called Strike
1-1: Ball
2-1: Called Strike
2-2: Ball
3-2: Strikes out swinging
Batting: LHB Wes Thompson 0-0: Called Strike
0-1: Ball
1-1: Ball
2-1: Foul Ball, location: 2F
2-2: Ball
3-2: Foul Ball, location: 2F
3-2: Base on Balls
Dan McKay to third
Aurelio Cruz to second
Batting: LHB Pat Zimmerman 0-0: Foul Ball, location: 2F
0-1: Ball
1-1: Ground out U3 (Groundball, 34)
Bottom of the 7th over - 0 runs, 1 hit, 0 errors, 3 left on base; Detroit 3 - Trenton 5
TOP OF THE 8TH
Detroit X-Wings batting - Pitching for Trenton Stars : RHP Roberto Carrillo
Pitching: LHP Enrico Lozano
Batting: RHB José Pérez 0-0: SINGLE (Groundball, 6MD)
Batting: LHB Juan Jose Pineda 0-0: Ball
1-0: Foul Ball, location: 2F
1-1: Fly out, F7 (Flyball, 78M)
Batting: LHB Curt Walker 0-0: Called Strike
0-1: Fly out, F7 (Flyball, 7S)
Batting: RHB Enrique Aguilar 0-0: Ball
1-0: Ball
2-0: Called Strike
2-1: SINGLE (Groundball, 34D)
José Pérez to second
Runner from 2nd tries for 3rd, SAFE, no throw
Pinch Runner at 1st Ryan Billman:
Batting: SHB Felipe Detorres 0-0: Ball
1-0: Ball
2-0: Ball
3-0: Called Strike
3-1: Called Strike
3-2: SINGLE (Line Drive, 89S)
José Pérez scores
Ryan Billman to second
Ryan Billman to third
Batting: RHB Donato Gozende 0-0: Called Strike
0-1: Swinging Strike
0-2: Ball
1-2: Ball
2-2: Strikes out swinging
Top of the 8th over - 1 run, 3 hits, 0 errors, 2 left on base; Detroit 4 - Trenton 5
BOTTOM OF THE 8TH
Trenton Stars batting - Pitching for Detroit X-Wings : RHP Domingo Rodríguez
Batting: RHB Bill Bourland 0-0: Called Strike
0-1: Ball
1-1: DOUBLE (Flyball, 89XD)
Batting: LHB Gerardo Guzmán 0-0: Ball
1-0: Ball
2-0: Called Strike
2-1: Ball
3-1: SINGLE (Flyball, 78S)
Bill Bourland to third
Batting: RHB Roberto Chávez 0-0: Called Strike
0-1: Foul Ball, location: 2F
0-2: Strikes out swinging
Batting: RHB Jorge Flores 0-0: Called Strike
0-1: Ball
1-1: Fly out, F9 (Flyball, 9LD)
Runner from 3rd tags up, SCORES, throw made
Batting: RHB Dan McKay 0-0: Ball
1-0: Ball
2-0: Ball
3-0: Base on Balls
Gerardo Guzmán to second
Pinch Hitting: LHB Tom Waller 0-0: Ball
1-0: Called Strike
1-1: SINGLE (Flyball, 89M)
Gerardo Guzmán to third
Dan McKay to second
Runner from 3rd tries for Home, SAFE, no throw
Batting: RHB George Reeves 0-0: Foul Ball, location: 2F
0-1: Swinging Strike
0-2: Ball
1-2: Ball
2-2: Ball
3-2: Base on Balls
Dan McKay to third
Tom Waller to second
Batting: LHB Wes Thompson 0-0: Called Strike
0-1: Foul Ball, location: 2F
0-2: Ground out 4-3 (Groundball, 4)
Bottom of the 8th over - 2 runs, 3 hits, 0 errors, 3 left on base; Detroit 4 - Trenton 7
TOP OF THE 9TH
Detroit X-Wings batting - Pitching for Trenton Stars : LHP Enrico Lozano
Pitching: RHP Augusto Muńíz
Now in CF: Emílio Bruno
Batting: RHB Alfredo Villegas 0-0: Called Strike
0-1: Ball
1-1: Called Strike
1-2: Foul Ball, location: 2F
1-2: Strikes out looking
Batting: RHB Daniel Riddle 0-0: Fly out, F4 (Popup, 3D)
Batting: SHB Jason Mason 0-0: Called Strike
0-1: Swinging Strike
0-2: Strikes out looking
Top of the 9th over - 0 runs, 0 hits, 0 errors, 0 left on base; Detroit 4 - Trenton 7
Saturday, April 7th, 2018 - OOTP Baseball 18.8 Build 76